 Dungeon Crawl Stone Soup version 0.25.1-1-g288607f (webtiles) character file.

Game seed: 4844487553662097746

3864 CamaradaPosadas the Chiller (level 9, 0/59 HPs)
             Began as a Mummy Ice Elementalist on July 24, 2020.
             Was a Priest of Dithmenos.
             Killed by divine providence
             ... invoked by an orc priest
              (18 damage)
             ... on level 8 of the Dungeon.
             The game lasted 00:16:30 (8183 turns).

CamaradaPosadas the Chiller (MuIE)                  Turns: 8183, Time: 00:16:31

Health: 0/59       AC: 10    Str: 18    XL:     9   Next: 99%
Magic:  15/18      EV: 14    Int: 17    God:    Dithmenos [***...]
Gold:   308        SH:  5    Dex: 12    Spells: 12/20 levels left

rFire    . . .     SeeInvis .   z - +7 dagger "Uffam" {chaos, rN+ Str+6}
rCold    + . .     Gourm    .   v - +0 buckler
rNeg     + + +     Faith    .   a - +0 robe
rPois    ∞         Spirit   .   q - +0 helmet
rElec    .         Reflect  .   h - scarf {harm}
rCorr    .         Harm     +   d - +0 pair of gloves
MR       +....                  m - +1 pair of boots
Stlth    +++.......             k - amulet of magic regeneration
HPRegen  0.19/turn              y - ring of protection from fire
MPRegen  0.41/turn              r - +4 ring of protection

@: frozen ramparts, wreathed by umbra, studying Short Blades
A: no food or potions, fire vulnerability, cold resistance 1, negative energy
resistance 3, torment resistance, unbreathing
a: Shadow Step, Renounce Religion


You were on level 8 of the Dungeon.
You worshipped Dithmenos.
Dithmenos was most pleased with you.
You were not hungry.

You visited 1 branch of the dungeon, and saw 8 of its levels.

You collected 308 gold pieces.

Inventory:

Hand Weapons
 e - a +0 spear
 u - a +0 whip of flaming
 z - the +7 dagger "Uffam" (weapon) {chaos, rN+ Str+6}
   (You found it on level 7 of the Dungeon)

   Each time it hits an enemy it has a different, random effect.
   It affects your strength (+6).
   It protects you from negative energy.
 B - a +4 dagger of pain
Armour
 a - a +0 robe (worn)
 d - a +0 pair of gloves (worn)
 h - a scarf of harm (worn)
 m - a +1 pair of boots (worn)
 q - a +0 helmet (worn)
 v - a +0 buckler (worn)
Magical Staves
 x - an uncursed staff of energy
Jewellery
 g - a +6 ring of dexterity
 k - an amulet of magic regeneration (around neck)
 r - a +4 ring of protection (right hand)
 y - a ring of protection from fire (left hand)
Wands
 p - a wand of iceblast (4)
Scrolls
 b - 3 scrolls of remove curse {unknown}
 c - 9 scrolls of identify {unknown}
 f - 4 scrolls of enchant armour {unknown}
 i - a scroll of fog {unknown}
 j - a scroll of fear {unknown}
 l - a scroll of amnesia {unknown}
 n - 2 scrolls of immolation {unknown}
 o - a scroll of enchant weapon {unknown}
 s - 2 scrolls of teleportation {unknown}
 t - a scroll of magic mapping {unknown}
 w - 2 scrolls of blinking {unknown}
 C - a scroll of brand weapon {unknown}
Books
 A - a manual of Short Blades


   Skills:
 - Level 1.0 Fighting
 * Level 2.8 Short Blades
 - Level 5.1 Dodging
 + Level 2.2 Stealth
 - Level 4.0 Shields
 - Level 6.1 Spellcasting
 - Level 5.7 Summonings
 - Level 7.4 Ice Magic


You had 12 spell levels left.
You knew the following spells:

 Your Spells              Type           Power        Failure   Level  Hunger
a - Freeze                Ice            ####         1%          1    N/A
b - Frozen Ramparts       Ice            ####..       1%          3    N/A
c - Summon Ice Beast      Ice/Summ       ####....     9%          4    N/A

Your spell library contained the following spells:

 Spells                   Type           Power        Failure   Level  Hunger
 Summon Small Mammal      Summ           ###.         1%          1    N/A
 Ozocubu's Armour         Chrm/Ice       ###.....     9%          3    N/A
 Animate Skeleton         Necr           N/A          13%         1    N/A
 Apportation              Tloc           #.....       13%         1    N/A
 Corona                   Hex            #......      13%         1    N/A
 Sticks to Snakes         Tmut           #.......     19%         2    N/A
 Hailstorm                Conj/Ice       ###.....     26%         4    N/A
 Beastly Appendage        Tmut           Unusable     N/A         1    N/A
 Ice Form                 Ice/Tmut       Unusable     N/A         4    N/A
 Spider Form              Tmut/Pois      Unusable     N/A         3    N/A
 Blade Hands              Tmut           Unusable     N/A         5    N/A

Dungeon Overview and Level Annotations

Branches:
Dungeon (8/15)             Temple (0/1) D:7            Lair (0/6) D:8

Altars:
Ashenzari
Dithmenos
Elyvilon
Fedhas
Hepliaklqana
Makhleb
Ru
Sif Muna
Yredelemnul
The Shining One

Annotations:
D:7 exclusion: ice statue


Innate Abilities, Weirdness & Mutations

You do not eat or drink.
Your flesh is vulnerable to fire.
You are immune to poison.
Your flesh is cold resistant. (rC+)
You are immune to negative energy. (rN+++)
You are immune to unholy pain and torment.
You can survive without breathing.


Message History

You start resting.
The frozen ramparts melt away.
You start resting.
The orc priest is too close now for your liking.
The orc priest calls down the wrath of Beogh upon you.
Beogh smites you!
* * * LOW HITPOINT WARNING * * *
You hear a shout!
Casting: Frozen Ramparts (safe; 1% risk of failure)
Confirm with . or Enter, or press ? or * to list all spells.
The walls around you are covered in ice.
You hear a shout!
The wall freezes the orc priest.
The orc priest completely misses you.
Unknown command.
You are too injured to fight recklessly!
You barely miss the orc priest.
The orc priest is lightly wounded.
The wall freezes the orc priest.
The orc priest mumbles some strange prayers to Beogh against you.
Beogh smites you!
You die...

############
##########...........
...#......#######.##
#.#.###### ###.###
..##.####....########.....#
.......)(.................#
.##....##)@..########.#...#
#.....# ###o## ##.##...
.o.... #..# #...#.#. .....
#...# ........ .....
....... ##...#.#† ...o
.......### .........
...h......##.# ###.##.#.
..h..# .. #. #.#. ....# ..
.#..


You could see an orc priest.

Vanquished Creatures
  Pikel (D:6)
  Joseph (D:7)
  Prince Ribbit (D:6)
  Sigmund (D:5)
  Eustachio (D:4)
  2 water moccasins
  An orc warrior (D:7)
  Duvessa (D:7)
  A black bear (D:7)
  An ice beast (D:6)
  2 slaves (D:6)
  A necrophage (D:8)
  A big kobold (D:4)
  4 bullfrogs
  A scorpion (D:4)
  Dowan (D:7)
  6 killer bees (D:7)
  2 howler monkeys
  3 crimson imps
  A bullfrog zombie (D:8)
  A centaur zombie (D:4)
  7 hounds
  4 centaur skeletons
  An orc priest (D:8)
  Ijyb (D:4)
  7 worker ants
  4 iguanas
  4 orc wizards
  Robin (D:4)
  A howler monkey skeleton (D:6)
  7 adders
  2 shadow imps
  2 oozes
  An adder zombie (D:6)
  2 adder skeletons
  3 worms
  A dart slug (D:1)
  6 leopard geckos
  28 orcs
  8 bats
  4 giant cockroaches
  14 goblins
  9 hobgoblins
  8 jackals
  2 quokkas
  2 ball pythons
  3 frilled lizards
  A jackal skeleton (D:4)
  9 kobolds
  A leopard gecko skeleton (D:4)
  A leopard gecko zombie (D:6)
  4 rats
182 creatures vanquished.

Vanquished Creatures (collateral kills)
  An adder (D:6)
1 creature vanquished.

Vanquished Creatures (others)
  A plant (D:8)
1 creature vanquished.

Grand Total: 184 creatures vanquished

Notes
Turn   | Place    | Note
-------+----------+-------------------------------------------
     0 | D:1      | CamaradaPosadas the Mummy Ice Elementalist began the quest
                  | for the Orb.
     0 | D:1      | Reached XP level 1. HP: 13/13 MP: 4/4
   497 | D:1      | Reached XP level 2. HP: 19/19 MP: 1/6
  2081 | D:2      | Reached XP level 3. HP: 24/24 MP: 5/7
  2459 | D:2      | Reached skill level 4 in Ice Magic
  2655 | D:2      | Learned a level 3 spell: Frozen Ramparts
  3226 | D:2      | HP: 1/24 [orc/+0 hand axe (10)]
  3583 | D:2      | Reached XP level 4. HP: 30/30 MP: 4/9
  3898 | D:3      | Found a hazy altar of Hepliaklqana.
  3902 | D:3      | Found a sacrificial altar of Ru.
  3902 | D:3      | Found a blossoming altar of Fedhas.
  3903 | D:3      | Found a shadowy altar of Dithmenos.
  3936 | D:3      | Became a worshipper of Dithmenos the Shadowed
  4012 | D:3      | Learned a level 4 spell: Summon Ice Beast
  4459 | D:4      | Reached XP level 5. HP: 31/35 MP: 11/11
  4562 | D:4      | Reached skill level 1 in Summonings
  4667 | D:4      | Noticed Eustachio
  4677 | D:4      | Killed Eustachio
  4677 | D:4      | Reached skill level 5 in Ice Magic
  4677 | D:4      | Reached XP level 6. HP: 38/41 MP: 7/12
  4742 | D:4      | Noticed Ijyb
  4758 | D:4      | Killed Ijyb
  4808 | D:4      | Found a basalt altar of Yredelemnul.
  4853 | D:4      | Noticed Robin
  4855 | D:4      | Reached * piety under Dithmenos
  4865 | D:4      | Killed Robin
  4865 | D:4      | Reached skill level 5 in Spellcasting
  4976 | D:4      | Reached XP level 7. HP: 45/46 MP: 14/14
  5258 | D:4      | Reached skill level 6 in Ice Magic
  5371 | D:5      | Entered Level 5 of the Dungeon
  5372 | D:5      | Found a shattered altar of Ashenzari.
  5648 | D:5      | Reached XP level 8. HP: 51/52 MP: 16/16
  6000 | D:5      | Noticed Sigmund
  6009 | D:5      | Killed Sigmund
  6027 | D:5      | Reached ** piety under Dithmenos
  6196 | D:6      | Found a shimmering blue altar of Sif Muna.
  6196 | D:6      | Found a burning altar of Makhleb.
  6196 | D:6      | Found a white marble altar of Elyvilon.
  6271 | D:6      | Found a white marble altar of Elyvilon.
  6348 | D:6      | Noticed Prince Ribbit
  6364 | D:6      | Killed Prince Ribbit
  6400 | D:6      | Found a glowing golden altar of the Shining One.
  6424 | D:6      | Noticed Pikel
  6433 | D:6      | Killed Pikel
  6433 | D:6      | Reached skill level 5 in Summonings
  6433 | D:6      | Reached skill level 7 in Ice Magic
  6433 | D:6      | Reached XP level 9. HP: 53/57 MP: 15/18
  6599 | D:6      | Reached skill level 1 in Shields
  7198 | D:7      | Noticed an ice statue
  7353 | D:7      | Noticed Duvessa
  7353 | D:7      | Noticed Dowan
  7362 | D:7      | Killed Dowan
  7364 | D:7      | Killed Duvessa
  7364 | D:7      | Reached *** piety under Dithmenos
  7366 | D:7      | Noticed Joseph
  7374 | D:7      | Killed Joseph
  7374 | D:7      | Reached skill level 5 in Dodging
  7471 | D:7      | Reached skill level 1 in Fighting
  7493 | D:7      | Found a staircase to the Ecumenical Temple.
  7506 | D:7      | Got a twisted dagger
  7507 | D:7      | Identified the +7 dagger "Uffam" {chaos, rN+ Str+6} (You
                  | found it on level 7 of the Dungeon)
  7975 | D:8      | Reached skill level 1 in Short Blades
  8163 | D:8      | Found a staircase to the Lair.
  8183 | D:8      | Killed from afar by an orc priest

Illustrated notes

Levels and vault maps discovered:
D:1:      evilmike_arrival_crescent, layout_basic, feat_on_display
D:2:      layout_loops_ring, minivault_26
D:3:      layout_basic, grunt_temple_overflow_open
D:4:      layout_basic, lemuel_crystal_altar, minmay_manual_moon, uniq_ijyb,
          uniq_eustachio, uniq_robin
D:5:      layout_loops_cross, nicolae_overflow_hidden_temple,
          cheibrodos_ashenzari_chains, first_ration, uniq_sigmund
D:6:      layout_loops_ring, nicolae_tso_carved_into_rock,
          chequers_temple_overflow_statue_of_worship, elyvilon_altar_4,
          uniq_pikel, uniq_prince_ribbit1
D:7:      lemuel_ice_statue, layout_basic, minmay_temple_entry_ruins,
          uniq_duvessa, uniq_joseph
D:8:      layout_loops_ring, erik_lair_orcish_takeover

Skill      XL: |  1  2  3  4  5  6  7  8  9 |
---------------+----------------------------+-----
Spellcasting   | 3 4 5 6 |  6.1
Ice Magic      | 4 5 6 7 |  7.4
Summonings     | 2 4 5 |  5.7
Dodging        | 4 5 |  5.1
Shields        | 4 |  4.0
Fighting       | 1 |  1.0
Short Blades   | 2 |  2.8
Stealth        | 2 |  2.2

Action                   |  1- 3 |  4- 6 |  7- 9 || total
-------------------------+-------+-------+-------++-------
Melee: Unarmed           |    31 |       |       ||    31
       Spear             |    28 |    80 |   149 ||   257
       Whip              |       |       |    74 ||    74
       Dagger            |       |       |    32 ||    32
 Cast: Freeze            |    51 |    15 |    17 ||    83
       Frozen Ramparts   |     2 |    10 |    34 ||    46
       Summon Ice Beast  |       |       |     2 ||     2
 Stab: Sleeping          |     4 |     5 |     9 ||    18
Armor: Robe              |    17 |    20 |    54 ||    91
Dodge: Dodged            |    70 |    50 |   178 ||   298
Block: Buckler           |       |       |    31 ||    31
